 Dungeon Crawl Stone Soup version 0.27.1 (webtiles) character file.

Game seed: 5443894613460115365

561 ZARRMARR the Stinger (level 7, -4/45 HPs)
             Began as an Octopode Venom Mage on Sept 4, 2021.
             Slain by a wyvern skeleton (9 damage)
             ... on level 5 of the Dungeon.
             The game lasted 00:16:18 (5315 turns).

ZARRMARR the Stinger (Octopode Venom Mage)          Turns: 5315, Time: 00:16:18

Health: -4/45      AC:  1    Str:  7    XL:     7   Next: 31%
Magic:  11/11      EV: 14    Int: 19    God:
Gold:   173        SH:  5    Dex: 19    Spells: 9/12 levels left

rFire    . . .     SeeInvis .   f - +0 whip
rCold    . . .     Faith    .   i - +0 buckler
rNeg     + . .     Spirit   .   (helmet restricted)
rPois    +         Reflect  .   (no amulet)
rElec    .         Harm     .   b - ring of poison resistance
rCorr    .         Rampage  .   e - +6 ring of dexterity
Will     .....                  c - ring of positive energy
Stlth    ++++......             (no ring)
HPRegen  0.15/turn              (no ring)
MPRegen  0.12/turn              (no ring)
                                (no ring)
                                (no ring)

@: no status effects
A: almost no armour, amphibious, 8 rings, camouflage 1, gelatinous body 1,
(nimble swimmer 1), tentacles
a: no special abilities


You were on level 5 of the Dungeon.
You visited 1 branch of the dungeon, and saw 5 of its levels.

You collected 173 gold pieces.

Inventory:

Hand Weapons
 f - a +0 whip (weapon)
Armour
 i - a +0 buckler (worn)
Jewellery
 b - a ring of poison resistance (left tentacle)
 c - a ring of positive energy (on tentacle)
 e - a +6 ring of dexterity (right tentacle)
Wands
 k - a wand of flame (12)
Scrolls
 d - a scroll of teleportation
 j - a scroll of noise {unknown}
 l - a scroll of summoning {unknown}
 m - 2 scrolls of enchant weapon {unknown}
 n - a scroll of enchant armour {unknown}
Potions
 a - a potion of degeneration {unknown}
 g - a potion of haste {unknown}
 h - a potion of berserk rage {unknown}
 o - a potion of might {unknown}
 p - a potion of attraction {unknown}
 q - a potion of curing {unknown}


   Skills:
 + Level 2.6 Fighting
 + Level 3.3 Dodging
 + Level 4.8 Stealth
 + Level 2.3 Shields
 + Level 3.2 Spellcasting
 - Level 1.0 Transmutations
 + Level 2.5 Air Magic
 + Level 5.0 Poison Magic


You had 9 spell levels left.
You knew the following spells:

 Your Spells              Type           Power      Damage    Failure   Level
a - Poisonous Vapours     Pois/Air       34%        N/A       6%          2
b - Sting                 Tmut/Pois      56%        1d5       5%          1

Your spell library contained the following spells:

 Spells                   Type           Power      Damage    Failure   Level
 Mephitic Cloud           Conj/Pois/Air  12%        N/A       19%         3
 Olgreb's Toxic Radiance  Pois           22%        N/A       22%         4


Dungeon Overview and Level Annotations

Branches:
Dungeon (5/15)
 Temple: D:4-7

Altars:
Makhleb

Shops:
D:1 ?

Annotations:
D:3 3 runed translucent doors, Rickety's ghost, amateur GnNe


Innate Abilities, Weirdness & Mutations

You cannot wear most types of armour.
You are amphibious.
You can wear up to eight rings at the same time.
Your skin changes colour to match your surroundings (Stealth+).
Your rubbery body absorbs attacks. (AC +1, EV +1)
((You are camouflaged near water. (Stealth+)))
You have tentacles for arms and can constrict up to eight enemies at once.


Message History

Unknown command.
Casting: Sting (safe; 5% risk of failure)
Confirm with . or Enter, or press ? or * to list all spells.
You can't see any susceptible monsters within range! (Use Z to cast anyway.)
Casting: Sting (safe; 5% risk of failure)
Confirm with . or Enter, or press ? or * to list all spells.
Aiming: Sting (safe; 5% risk of failure)
Press: ? - help, Shift-Dir - straight line, f - wyvern skeleton
Aim: a wyvern skeleton (98% to hit)
The sting hits the wyvern skeleton.
The wyvern skeleton partially resists.
The wyvern skeleton is lightly damaged.
You hit the wyvern skeleton.
The wyvern skeleton is lightly damaged.
The wyvern skeleton bites you!
You hit the wyvern skeleton. You squeeze the wyvern skeleton.
The wyvern skeleton is moderately damaged.
The wyvern skeleton bites you. The wyvern skeleton barely misses you.
You hit the wyvern skeleton but do no damage.
The wyvern skeleton is moderately damaged.
You block the wyvern skeleton's attack.
You hit the wyvern skeleton but do no damage.
You squeeze the wyvern skeleton.
The wyvern skeleton is moderately damaged.
The wyvern skeleton barely misses you. x2
Your shield prevents you from hitting the wyvern skeleton.
You squeeze the wyvern skeleton!
The wyvern skeleton is heavily damaged.
The wyvern skeleton completely misses you.
You barely miss the wyvern skeleton. You squeeze the wyvern skeleton.
The wyvern skeleton is heavily damaged.
The wyvern skeleton closely misses you. The wyvern skeleton bites you!
You hit the wyvern skeleton but do no damage.
The wyvern skeleton is heavily damaged.
The wyvern skeleton bites you but does no damage.
You barely miss the wyvern skeleton. You squeeze the wyvern skeleton!
The wyvern skeleton is severely damaged.
The wyvern skeleton bites you!
* * * LOW HITPOINT WARNING * * *
The wyvern skeleton bites you!
You die...

.# #. #.##
..###..#
#.##...##
#.#...$.#######
#.#.....Z......
#.#....@#
#.##...##
#.###..#
##.###..#
#######(#.##..#
#......###....#
#.#####.#..####
#.# #.#.#
###.######.#.#


You could see a wyvern skeleton.

Vanquished Creatures
  Sigmund (D:3)
  A necrophage (D:4)
  A scorpion (D:4)
  A water moccasin skeleton (D:4)
  A hound (D:5)
  Natasha (thrice) (D:3)
  2 hound skeletons
  3 adders
  An adder skeleton (D:4)
  3 worms (D:2)
  8 endoplasms
  2 giant cockroaches (D:3)
  6 goblins
  4 hobgoblins
  A quokka (D:2)
  3 ball pythons
  A bat (D:1)
  2 frilled lizards (D:2)
  6 kobolds
  3 rats
  A spectral kobold (D:1)
54 creatures vanquished.

Vanquished Creatures (others)
  2 plants (D:2)
2 creatures vanquished.

Grand Total: 56 creatures vanquished

Notes
Turn   | Place    | Note
-------+----------+-------------------------------------------
     0 | D:1      | ZARRMARR the Octopode Venom Mage began the quest for the
                  | Orb.
     0 | D:1      | Reached XP level 1. HP: 11/11 MP: 3/3
   141 | D:1      | Found a faded altar of an unknown god.
   847 | D:1      | Reached XP level 2. HP: 16/17 MP: 0/5
   919 | D:1      | Found Roinwoij's Magic Scroll Boutique.
  1287 | D:1      | Learned a level 2 spell: Poisonous Vapours
  1741 | D:2      | Found a burning altar of Makhleb.
  2018 | D:2      | Reached XP level 3. HP: 22/22 MP: 2/6
  2375 | D:2      | Reached skill level 1 in Fighting
  2795 | D:2      | Reached skill level 4 in Poison Magic
  3114 | D:2      | Identified a scroll of acquirement
  3114 | D:2      | Acquired a ring of positive energy
  3207 | D:3      | Reached skill level 1 in Air Magic
  3261 | D:3      | Noticed Natasha
  3317 | D:3      | Killed Natasha
  3318 | D:3      | Reached XP level 4. HP: 28/28 MP: 1/7
  3741 | D:3      | Noticed Natasha
  3750 | D:3      | Killed Natasha
  3751 | D:3      | Reached XP level 5. HP: 22/33 MP: 2/8
  4145 | D:3      | Noticed Natasha
  4151 | D:3      | Killed Natasha
  4152 | D:3      | Reached skill level 1 in Shields
  4482 | D:3      | Noticed Sigmund
  4494 | D:3      | Killed Sigmund
  4495 | D:3      | Reached XP level 6. HP: 13/39 MP: 1/10
  4693 | D:3      | Found a runed translucent gate.
  4693 | D:3      | Found a runed translucent gate.
  4696 | D:3      | Found a runed translucent gate.
  4697 | D:3      | Noticed Rickety's ghost (amateur GnNe)
  4948 | D:4      | Noticed a necrophage
  4958 | D:4      | Killed a necrophage
  4959 | D:4      | Reached XP level 7. HP: 45/45 MP: 11/11
  5142 | D:4      | Reached skill level 5 in Poison Magic
  5178 | D:4      | You fall into a shaft and drop 1 floor!
  5178 | D:5      | Entered Level 5 of the Dungeon
  5315 | D:5      | Slain by a wyvern skeleton

Illustrated notes

Levels and vault maps discovered:
D:1:      nagdon_arrival_double_spiral, layout_basic, serial_shops,
          nicolae_shop_behind_doors, dreamdust_ecumenical_altar_drowned_temple,
          fountainhead, minmay_tetromino_t2
D:2:      cheibrodos_old_hovel, layout_loops_ring, basic_altar,
          dk_noncrumbling_2
D:3:      layout_loops_ring, gammafunk_ghost_necromancy, uniq_sigmund,
          uniq_natasha
D:4:      layout_basic, minmay_temple_entry_gardened_gates
D:5:      layout_loops_ring

Skill      XL: |  1  2  3  4  5  6  7 |
---------------+----------------------+-----
Stealth        | 3 4 |  4.8
Fighting       | 1 2 |  2.6
Poison Magic   | 4 5 |  5.0
Air Magic      | 1 2 |  2.5
Shields        | 1 2 |  2.3
Dodging        | 3 |  3.3
Spellcasting   | 3 |  3.2
Transmutations | |  1.0

Action                   |  1- 3 |  4- 6 |  7- 9 || total
-------------------------+-------+-------+-------++-------
Melee: Unarmed           |    34 |       |       ||    34
       Tentacles         |     8 |     3 |    10 ||    21
       Constrict         |     3 |     6 |     2 ||    11
       Whip              |     4 |    26 |    24 ||    54
 Cast: Sting             |    43 |    17 |    11 ||    71
       Poisonous Vapours |    28 |    16 |     1 ||    45
Evoke: Wand              |       |     6 |       ||     6
  Use: Scroll            |     3 |       |       ||     3
Armor: Skin              |       |     4 |     2 ||     6
Dodge: Dodged            |    18 |    10 |    26 ||    54
Block: Buckler           |       |     2 |     2 ||     4
